 Dungeon Crawl Stone Soup version 0.29.1-12-g30fa7ad0bf (webtiles) character file.

Game seed: 15330400719689665325

25 hawla the Firebug (level 3, -4/26 HPs)
             Began as a Meteoran Fire Elementalist on Dec 28, 2022.
             Slain by an iguana (6 damage)
             ... on level 4 of the Dungeon.
             The game lasted 00:02:18 (361 turns).

hawla the Firebug (Meteoran Fire Elementalist)       Turns: 361, Time: 00:02:18

Health: -4/26      AC:  2    Str:  9    XL:     3   Next: 35%
Magic:  3/8        EV: 12    Int: 19    God:
Gold:   10         SH:  0    Dex: 14    Spells: 5/8 levels left

rFire   . . .      SeeInvis .   (no weapon)
rCold   . . .      Faith    .   (no shield)
rNeg    . . .      Spirit   .   a - +0 robe
rPois   .          Reflect  .   (no helmet)
rElec   .          Harm     .   (no cloak)
rCorr   .          Rampage  .   (no gloves)
Will    .....                   (no boots)
Stlth   +.........              (no amulet)
HPRegen 0.08/turn               (no ring)
MPRegen 0.11/turn               (no ring)

@: glowing
A: sense surroundings 1, otherworldly, glowing, explore regen
a: no special abilities


You were on level 4 of the Dungeon.
You visited 1 branch of the dungeon, and saw 4 of its levels.

You collected 10 gold pieces.

Inventory:

Armour
 a - a +0 robe (worn)
Scrolls
 c - 3 scrolls of poison
 d - 2 scrolls of identify {unknown}
 h - a scroll of vulnerability {unknown}
Potions
 b - a potion of magic
 e - a potion of invisibility {unknown}
 f - a potion of haste {unknown}
 g - a potion of mutation {unknown}


   Skills:
 + Level 2.6 Dodging
 - Level 1.4 Stealth
 + Level 3.2 Spellcasting
 + Level 1.7 Conjurations
 + Level 4.2 Fire Magic


You had 5 spell levels left.
You knew the following spells:

 Your Spells              Type           Power      Damage    Failure   Level
a - Foxfire               Conj/Fire      56%        2x1d6     4%          1
b - Scorch                Fire           38%        2d7       3%          2

Your spell library contained the following spells:

 Spells                   Type           Power      Damage    Failure   Level
 Conjure Flame            Conj/Fire      14%        6-21      13%         3
 Inner Flame              Hex/Fire       11%        N/A       19%         3
 Flame Wave               Conj/Fire      14%        2d6       41%         4


Dungeon Overview and Level Annotations

Branches:
Dungeon (4/15) Zot: 2038
 Temple: D:4-7

Altars:


Innate Abilities, Weirdness & Mutations

You passively map a small area around you.
You are easily found by Zot.
You glow in the dark.
You regain HP and MP as you explore.


Message History

Casting: Foxfire (safe; 4% risk of failure)
Confirm with . or Enter, or press ? or * to list all spells.
Flames lash the orc.
You kill the orc!
Unknown command.
Your foxfire dissipates!
You now have 10 gold pieces.
Your foxfire dissipates!
h - a scroll labelled NYDDOC GAORO An iguana comes into view.
A goblin comes into view. It is wielding a +0 dagger.
Found a dagger.
The goblin moves out of view.
Found a chain mail.
A scorpion comes into view.
Found 8 gold pieces and a potion of magic.
You see here a +0 dagger.
Casting: Scorch (safe; 3% risk of failure)
Confirm with . or Enter, or press ? or * to list all spells.
You conjure some foxfire!
Casting: Foxfire (safe; 4% risk of failure)
Confirm with . or Enter, or press ? or * to list all spells.
Flames lash the iguana.
The iguana is severely wounded.
The iguana's fire resistance burns away.
The foxfire hits the goblin.
The goblin is heavily wounded.
The foxfire hits the iguana but does no damage.
The iguana is severely wounded.
The iguana bites you!
Casting: Scorch (safe; 3% risk of failure)
Confirm with . or Enter, or press ? or * to list all spells.
Flames lash the goblin.
You kill the goblin!
The iguana bites you!
Ouch! That really hurt!
* * * LOW HITPOINT WARNING * * *
Casting: Scorch (safe; 3% risk of failure)
Confirm with . or Enter, or press ? or * to list all spells.
You conjure some foxfire!
The iguana bites you.
You die...

* #.... ##..## * #.# *,
.##...##....## #.###.# ,
..#...#......# #..... , *
..##.##..##..## ,#.###.# *
#..#.#..####).#* *..#*,* #.#
#..#.#..#.$#..# ,..#* #..
#..#.#..#.##..#, ..# ##.
#...#...#.#vv######.# #..
#...#...#..l@##.. ... * #..
#...#...##.)###.# #.# #.. *
....#....######.# #.# ##.
................###.########.
#####...........)....<)......
#.....#.............####. ,
##...##############...... *
##### #######


You could see an iguana (combustible, ally target).

Vanquished Creatures
  An adder (D:3)
  2 orcs (D:4)
  A giant cockroach (D:2)
  A goblin (D:4)
  3 jackals (D:3)
  A ball python (D:4)
  2 bats (D:2)
  A frilled lizard (D:1)
  2 rats (D:2)
14 creatures vanquished.

Vanquished Creatures (others)
  31 foxfires
31 creatures vanquished.

Grand Total: 45 creatures vanquished

Notes
Turn   | Place    | Note
-------+----------+-------------------------------------------
     0 | D:1      | hawla the Meteoran Fire Elementalist began the quest for
                  | the Orb.
     0 | D:1      | Reached XP level 1. HP: 14/14 MP: 5/5
   129 | D:2      | Reached XP level 2. HP: 20/20 MP: 1/6
   135 | D:2      | Learned a level 2 spell: Scorch
   175 | D:3      | Reached skill level 4 in Fire Magic
   189 | D:3      | Reached XP level 3. HP: 26/26 MP: 0/8
   345 | D:4      | Noticed a scorpion
   361 | D:4      | Slain by an iguana

Illustrated notes

Levels and vault maps discovered:
D:1:      noname_arrival_rooms_in_the_neighbourhood, layout_loops_ring
D:2:      layout_basic, serial_shops, shop, chequers_ecumenical_altar_simple,
          chequers_serial_rivers_large_b
D:3:      layout_loops_ring, serial_shops, nicolae_shop_hallway_stairs,
          uniq_natasha
D:4:      layout_loops_ring, minmay_puff

Skill      XL: |  1  2 |
---------------+-------+-----
Fire Magic     | 4 |  4.2
Spellcasting   | 3 |  3.2
Dodging        | |  2.6
Stealth        | |  1.4
Conjurations   | |  1.7

Action                   || total
-------------------------++-------
Melee: Unarmed           ||     1
       Punch             ||     1
 Cast: Foxfire           ||    19
       Scorch            ||     7
  Use: Scroll            ||     2
Armor: Robe              ||     2
Dodge: Dodged            ||     2
